 Dungeon Crawl Stone Soup version 0.20.1-1-g8b1a95d (webtiles) character file.

499 Lanoc the Caller (level 6, -7/48 HPs)
             Began as a Deep Elf Summoner on Dec 2, 2017.
             Engulfed by a cloud of freezing vapour (25 damage)
             ... on level 5 of the Dungeon.
             The game lasted 00:26:42 (4179 turns).

Lanoc the Caller (Deep Elf Summoner)                Turns: 4179, Time: 00:26:45

Health: -7/48      AC: 23    Str:  5    XL:     6   Next: 94%
Magic:  17/17      EV:  2    Int: 22    God:
Gold:   215        SH:  0    Dex: 15    Spells: 3/17 levels left

rFire    + . .     SeeInvis .   o - +2 long sword (holy)
rCold    . . .     Gourm    .   (no shield)
rNeg     + + +     Faith    .   (armour currently unavailable)
rPois    +         Spirit   .   (helmet currently unavailable)
rElec    .         Reflect  .   (cloak currently unavailable)
rCorr    .         Harm     .   (gloves currently unavailable)
MR       +....     NoTele   +   (boots currently unavailable)
Stlth    ++........             j - amulet of rage
Regen    0.2/turn               i - ring of protection from magic
MPRegen  0.2/turn               p - ring of protection from fire

@: tree-form
A: no striking features
a: Evoke Berserk Rage


You were on level 5 of the Dungeon.
You were not hungry.
You were a tree.
You visited 1 branch of the dungeon, and saw 5 of its levels.

You collected 215 gold pieces.

Inventory:

Hand Weapons
 o - a +2 long sword of holy wrath (weapon)
Armour
 a - a +1 robe (melded)
 s - a +0 helmet (melded)
 t - a +4 chain mail of cold resistance
 w - a +0 pair of gloves (melded)
Jewellery
 i - a ring of protection from magic (left branch)
 j - an amulet of rage (around neck)
 p - a ring of protection from fire (right branch)
Wands
 m - a wand of clouds (3/9)
Scrolls
 d - 10 scrolls of identify
 n - 2 scrolls of amnesia
 q - a scroll of enchant armour
 r - a scroll of fog
Potions
 e - a potion of mutation {unknown}
 z - a potion of haste
Books
 b - a book of Callings

   Spells                             Type                      Level
   a - Summon Small Mammal            Summoning                    1
   b - Call Imp                       Summoning                    2
   c - Call Canine Familiar           Summoning                    3
   d - Summon Guardian Golem          Hexes/Summoning              3
   e - Summon Lightning Spire         Summoning/Air                4
   f - Summon Ice Beast               Ice/Summoning                4
 y - a book of Flames

   Spells                             Type                      Level
   a - Flame Tongue                   Conjuration/Fire             1
   b - Throw Flame                    Conjuration/Fire             2
   c - Conjure Flame                  Conjuration/Fire             3
   d - Inner Flame                    Hexes/Fire                   3
   e - Sticky Flame                   Conjuration/Fire             4
   f - Fireball                       Conjuration/Fire             5
Comestibles
 c - 5 bread rations
 f - 2 meat rations


   Skills:
 + Level 5.6 Dodging
 - Level 2.4 Stealth
 + Level 6.2 Spellcasting
 + Level 6.3 Summonings


You had 3 spell levels left.
You knew the following spells:

 Your Spells              Type           Power        Failure   Level  Hunger
a - Summon Small Mammal   Summ           ####         1%          1    None
b - Call Imp              Summ           ####....     1%          2    None
c - Call Canine Familiar  Summ           ####....     1%          3    #......
d - Summon Lightning Spi  Summ/Air       ###.....     24%         4    ###....
e - Summon Ice Beast      Ice/Summ       ###.....     24%         4    ###....


Dungeon Overview and Level Annotations

Branches:
Dungeon (5/15)
 Temple: D:4-7

Altars:
Dithmenos
Nemelex Xobeh
Qazlal
Yredelemnul
The Shining One


Message History

You now have 206 gold pieces (gained 16).
You now have 215 gold pieces (gained 9).
You see here a ring mail.
Okay, then.
You see here a ring mail.
Really walk into a travel-excluded area?
You see here a ring mail.
All of the chunks of flesh in your inventory have rotted away.
Your magical contamination has completely faded away.
Really walk into a travel-excluded area?
You are engulfed in freezing vapours.
Ouch! That really hurt!
You feel better.
You are engulfed in freezing vapours.
It was a potion of lignification.
You turn into a tree.
Your +0 helmet melds into your body.
Your +0 pair of gloves melds into your body.
Your +1 robe melds into your body.
Your roots penetrate the ground.
You are engulfed in freezing vapours.
Ouch! That really hurt!
You die...

#.####...# #.##.# #........#
#....##..# #.##.# #....(...#
#####.....###..#.# #........#
....###..........## #........#
....###.#...##....# ##........#
........#.#.###...#####.........#
....#####...###.........##...####
######################.#####.#
#..[.....§§§§§§§♣§§§##.# #.#
###################§##.## #.#
#........§§§§§§§§§§§##..####.#
#8+8###################...##.#
....##...........########.##.##
....#..####...##....# #.##..#
......## #......##.### #.###.#
....### ####...##...###.# #.##
....###########..####.....# #..#


There were no monsters in sight!

Vanquished Creatures
  A hound skeleton (D:5)
  A dart slug (D:3)
  A bat (D:3)
  A hobgoblin (D:1)
  A quokka skeleton (D:5)
5 creatures vanquished.

Vanquished Creatures (collateral kills)
  Sigmund (D:4)
  Edmund (D:4)
  A centaur (D:5)
  Blork the orc (D:4)
  A scorpion (D:5)
  A centaur skeleton (D:4)
  A hound (D:4)
  2 orc priests (D:5)
  An iguana (D:5)
  An orc wizard (D:5)
  3 worker ants
  Robin (D:4)
  7 gnolls
  4 adders
  An adder zombie (D:5)
  2 dart slugs (D:1)
  5 leopard geckos
  An orc (D:5)
  2 ball pythons
  10 bats
  5 giant cockroaches
  21 goblins
  10 hobgoblins
  3 jackals (D:5)
  5 kobolds
  2 quokkas
  6 frilled lizards
  4 rats (D:2)
103 creatures vanquished.

Grand Total: 108 creatures vanquished

Notes
Turn   | Place    | Note
-------+----------+-------------------------------------------
     0 | D:1      | Lanoc the Deep Elf Summoner began the quest for the Orb.
     0 | D:1      | Reached XP level 1. HP: 10/10 MP: 6/6
   169 | D:1      | Learned a level 1 spell: Summon Small Mammal
   269 | D:1      | Reached XP level 2. HP: 15/15 MP: 1/8
   278 | D:1      | Learned a level 2 spell: Call Imp
   903 | D:2      | Reached XP level 3. HP: 17/19 MP: 2/10
  1019 | D:2      | Reached skill level 5 in Summonings
  1099 | D:2      | Learned a level 3 spell: Call Canine Familiar
  1413 | D:2      | Reached XP level 4. HP: 24/24 MP: 12/12
  1424 | D:2      | Learned a level 4 spell: Summon Lightning Spire
  2379 | D:4      | Found a sparkling altar of Nemelex Xobeh.
  2379 | D:4      | Noticed Blork the orc
  2387 | D:4      | Killed Blork the orc
  2501 | D:4      | Noticed Robin
  2506 | D:4      | Reached XP level 5. HP: 28/28 MP: 8/14
  2574 | D:4      | Killed Robin
  2680 | D:4      | Found a shadowy altar of Dithmenos.
  2681 | D:4      | Found a stormy altar of Qazlal.
  2682 | D:4      | Found a basalt altar of Yredelemnul.
  2735 | D:4      | Noticed Edmund
  2809 | D:4      | Killed Edmund
  2809 | D:4      | Reached skill level 5 in Spellcasting
  2860 | D:4      | Found a glowing golden altar of the Shining One.
  3322 | D:4      | Noticed Sigmund
  3332 | D:4      | Killed Sigmund
  3332 | D:4      | Reached skill level 5 in Dodging
  3332 | D:4      | Reached XP level 6. HP: 32/32 MP: 2/16
  3405 | D:5      | Entered Level 5 of the Dungeon
  3478 | D:5      | Learned a level 4 spell: Summon Ice Beast
  4179 | D:5      | Engulfed by a cloud of freezing vapour

Skill      XL: |  1  2  3  4  5  6 |
---------------+-------------------+-----
Dodging        | 3 4 5 |  5.6
Summonings     | 5 6 |  6.3
Spellcasting   | 4 5 6 |  6.2
Stealth        | |  2.4

Action                   |  1- 3 |  4- 6 || total
-------------------------+-------+-------++-------
Melee: Unarmed           |    14 |       ||    14
       Long sword        |       |    28 ||    28
 Cast: Summon Small Mamm |    33 |     2 ||    35
       Call Imp          |    24 |    15 ||    39
       Call Canine Famil |     2 |    18 ||    20
       Summon Lightning  |       |     5 ||     5
       Summon Ice Beast  |       |     2 ||     2
  Use: Scroll            |     2 |     7 ||     9
       Potion            |       |     2 ||     2
 Stab: Sleeping          |       |     2 ||     2
  Eat: Chunk             |     2 |     9 ||    11
       Royal jelly       |       |     1 ||     1
Armor: Robe              |    20 |    18 ||    38
Dodge: Dodged            |    31 |    33 ||    64
       Rpst.: Long sword |       |     5 ||     5
